Map: 킹스 코브 - 래더

Players

Trap - Winner!

  • Race: Protoss Protoss
  • Spawn Location: 5:00

aLive

  • Race: Terran Terran
  • Spawn Location: 11:00

Event: IEM Season 13: Katowice (2019)

VOD

Have the link to the VOD?

Description

Time

  • Played on: Feb. 25, 2019, 10:05 a.m.
  • Length: 9:15

All games in this series

Show
View Real Time Build Order
Export as new Build Order

Trap Protoss - Winner!

Build Orders: 1 Gate Expand 

Get SALT Encoding   

  12  0:00  Probe  
  13  0:12  Probe  
  14  0:18  Pylon  
  14  0:24  Probe  
  15  0:32  Probe  
  15  0:37  Gateway  
  15  0:40  Probe  
  16  0:48  Assimilator  
  17  0:51  Probe  
  18  1:03  Probe  
  19  1:15  Probe  
  20  1:25  Nexus  
  20  1:34  Cybernetics Core  
  21  1:45  Zealot  
  22  1:50  Pylon  
  22  1:52  Probe  
  23  2:01  Assimilator  
  23  2:03  Stalker  
  23  2:08  Probe  
  24  2:12  Warp Gate  
  26  2:20  Probe  
  27  2:31  Stalker  
  27  2:35  Robotics Facility  
  27  2:42  Probe  
  27  2:43  Probe  
  31  2:54  Probe  
  33  2:59  Stalker  
  35  3:06  Probe  
  35  3:10  Gateway  
  35  3:14  Immortal  
  38  3:30  Sentry  
  40  3:37  Gateway  
  40  3:41  Probe x2  
  42  3:43  Warp Prism  
  44  3:56  Pylon  
  44  4:04  Stalker  
  43  4:17  Probe x2  
  43  4:29  Probe x2  
  45  4:34  Observer  
  45  4:45  Stalker x3  
  48  4:47  Probe  
  48  4:50  Probe  
  52  4:53  Observer  
  52  4:59  Probe  
  54  5:03  Pylon  
  54  5:12  Probe  
  53  5:15  Probe  
  54  5:21  Stalker x2  
  54  5:24  Probe  
  59  5:35  Probe  
  54  5:36  Probe  
  55  5:46  Adept x3  
  61  5:55  Probe, Pylon x2  
  62  6:08  Probe x2  
  58  6:16  Stalker x3  
  62  6:20  Probe x2  
  64  6:26  Twilight Council  
  64  6:28  Pylon  
  64  6:32  Probe  
  63  6:34  Probe  
  62  6:42  Probe  
  62  6:44  Probe  
  63  6:50  Probe  
  63  6:51  Assimilator  
  63  6:52  Probe, Assimilator  
  64  6:56  Twilight Council  
  64  6:59  Probe  
  66  7:04  Probe  
  66  7:11  Gateway, Probe  
  66  7:12  Charge  
  66  7:13  Gateway  
  66  7:15  Sentry, Zealot x2  
  70  7:16  Gateway  
  72  7:27  Probe x2  
  74  7:36  Stalker  
  74  7:37  Stalker  
  74  7:42  Forge  
  74  7:43  Pylon  
  76  7:44  Immortal  
  80  8:03  Zealot x3  
  86  8:06  Pylon  
  86  8:13  Zealot x2  
  86  8:15  Zealot  
  86  8:36  Zealot x3  
  92  8:51  Stalker x2  
  91  9:05  Stalker x3  
Show
View Real Time Build Order
Export as new Build Order

aLive Terran 

Build Orders:  

Get SALT Encoding   

  12  0:00  SCV  
  13  0:12  SCV  
  14  0:18  Supply Depot  
  14  0:24  SCV  
  15  0:39  SCV  
  15  0:40  Barracks  
  16  0:45  Refinery  
  16  0:51  SCV  
  16  0:56  Refinery  
  17  1:04  SCV  
  18  1:16  SCV  
  19  1:27  Reaper  
  19  1:28  Orbital Command  
  20  1:45  Factory  
  20  1:51  Supply Depot  
  20  1:53  SCV  
  21  1:59  Marine  
  22  2:05  SCV  
  23  2:18  SCV  
  24  2:30  Starport, SCV  
  24  2:31  Widow Mine  
  27  2:40  Supply Depot  
  27  2:41  Barracks Reactor  
  27  2:42  SCV  
  28  2:52  Widow Mine  
  28  2:54  SCV  
  31  3:08  SCV  
  31  3:09  Medivac  
  34  3:13  Widow Mine  
  36  3:20  Command Center  
  36  3:21  SCV  
  36  3:26  Supply Depot  
  37  3:33  SCV  
  38  3:34  Barracks  
  38  3:45  SCV  
  38  3:47  Marine x2  
  41  3:57  SCV  
  42  4:08  Barracks, Marine x2  
  43  4:19  SCV  
  43  4:26  Marine x2  
  42  4:31  SCV  
  42  4:32  Liberator  
  42  4:34  Factory Tech Lab  
  41  4:39  Barracks Tech Lab  
  41  4:40  Bunker  
  41  4:42  Orbital Command  
  41  4:43  SCV  
  45  4:54  Siege Tank  
  45  4:55  SCV  
  45  4:57  Marine x3  
  45  4:59  Marine  
  53  5:02  Combat Shield  
  52  5:07  SCV  
  46  5:15  Marine x3  
  46  5:21  Marine  
  47  5:32  Marine  
  47  5:33  Marine  
  44  5:44  Marine x2  
  41  5:53  SCV x2  
  43  5:57  Factory Tech Lab  
  43  5:58  Viking  
  45  6:04  Marine x3  
  45  6:05  SCV x2  
  42  6:15  Marine  
  39  6:21  Siege Tank, Orbital Command  
  39  6:22  Marine  
  36  6:27  Marine x2  
  38  6:33  Medivac  
  38  6:37  Marine  
  38  6:39  Marine  
  41  6:42  SCV  
  43  6:52  Marine x2  
  43  6:53  Liberator  
  45  6:54  Marine  
  46  7:01  Siege Tank  
  49  7:21  Marine x4  
  53  7:35  Siege Tank  
  56  7:39  Marine x3  
  56  7:40  Liberator  
  62  8:29  Marine  
  62  8:35  Marine  
  62  8:48  Marine  
  62  8:54  Marine  

Tags
 
Add a new tag
Caveats
  • Supply blocks, unpowered buildings, or Contaminate may cause inaccurate times.
  • Supply counts are checked every 10 seconds.